 Dungeon Crawl Stone Soup version 0.30-a0-702-gdf48620a09 (webtiles) character file.

Game seed: 10419283463819693797

257464 Newt the Pandemonic (level 20, -2/90 HPs)
             Began as a Kobold Hunter on Jan 21, 2023.
             Was a High Priest of Makhleb.
             Slain by an azure jelly (19 damage)
             ... on level 3 of the Pits of Slime.
             The game lasted 01:09:39 (44835 turns).

Newt the Pandemonic (Kobold Hunter)                Turns: 44835, Time: 01:09:39

Health: -2/90      AC: 15    Str: 10    XL:     20   Next: 64%
Magic:  0/30       EV: 37    Int: 19    God:    Makhleb [*****.]
Gold:   1855       SH:  0    Dex: 34    Spells: 34/39 levels left

rFire   x . .      SeeInvis .    a - +8 shortbow (flame)
rCold   + . .      Faith    .    (shield currently unavailable)
rNeg    . . .      Spirit   +    V - +0 steam dragon scales "Sysyrch" {*Corrode Will++ Dex+4 Slay+6}
rPois   +          Reflect  .    Y - +2 helmet {Int+3}
rElec   +          Harm     .    X - +1 cloak "Ygiydeh" {Regen+ Str+2 Int+4}
rCorr   +          Rampage  .    (no gloves)
Will    +++..      Clarity  +    m - +0 pair of boots
Stlth   ++++                     W - amulet of guardian spirit
HPRegen 1.15/turn                I - ring "Eskanwam" {rElec rC- rCorr AC+4 Str+2 Dex+4}
MPRegen 0.22/turn                Z - ring "Foshreise" {Fly rPois rF- rC++ rCorr}

@: corroded, flying, studying Invocations, unable to read
A: small, no large weapons, nightstalker 3, clarity, frail 3, low MP 1, weak 1,
subdued magic 2, inability to read after injury 1
}: 2/15 runes: serpentine, barnacled
a: Renounce Religion, Minor Destruction, Lesser Servant of Makhleb, Major
Destruction, Greater Servant of Makhleb


You were on level 3 of the Pits of Slime.
You worshipped Makhleb.
Makhleb was extremely pleased with you.
You visited 7 branches of the dungeon, and saw 33 of its levels.
You visited 1 bazaar.
You also visited: Gauntlet.

You collected 3368 gold pieces.
You spent 1513 gold pieces at shops.

Inventory:

Hand Weapons
 a - a +8 shortbow of flaming (weapon)
 b - the +5 shortbow of Ledusch {antimagic, rF+ rCorr}
   (You took it off a naga on level 4 of the Snake Pit)

   rF:        It protects you from fire.
   rCorr:     It protects you from acid and corrosion.
 N - a +0 sling of freezing
Missiles
 j - 3 throwing nets
Armour
 m - a +0 pair of boots (worn)
 t - +4 storm dragon scales {Bai Suzhen}
 D - the +4 scale mail "Tuone" {rN+ Regen+ Str-3}
   (You took it off a deep elf high priest on level 3 of the Elven Halls)

   Str:       It affects your strength (-3).
   rN:        It protects you from negative energy.
   Regen:     It increases your rate of health regeneration.
 V - the +0 steam dragon scales "Sysyrch" (worn) {*Corrode Will++ Dex+4 Slay+6}
   (You bought it in a shop on level 7 of the Dungeon)

   Dex:       It affects your dexterity (+4).
   Slay:      It affects your accuracy & damage with ranged weapons and melee
   (+6).
   *Corrode:  It may corrode you when you take damage.
   Will:      It greatly increases your willpower.
 X - the +1 cloak "Ygiydeh" (worn) {Regen+ Str+2 Int+4}
   (You found it on level 4 of the Shoals)

   Str:       It affects your strength (+2).
   Int:       It affects your intelligence (+4).
   Regen:     It increases your rate of health regeneration.
 Y - a +2 helmet of intelligence (worn)
Jewellery
 g - a ring of resist corrosion
 v - an amulet of reflection
 w - an amulet of magic regeneration
 y - a ring of willpower
 I - the ring "Eskanwam" (left hand) {rElec rC- rCorr AC+4 Str+2 Dex+4}
   (You took it off a deep elf death mage on level 3 of the Elven Halls)

   [ring of protection]

   AC:        It affects your AC (+4).
   Str:       It affects your strength (+2).
   Dex:       It affects your dexterity (+4).
   rC:        It makes you vulnerable to cold.
   rElec:     It insulates you from electricity.
   rCorr:     It protects you from acid and corrosion.
 K - a +6 ring of intelligence
 W - an amulet of guardian spirit (around neck)
 Z - the ring "Foshreise" (right hand) {Fly rPois rF- rC++ rCorr}
   (You took it off a deep elf sorcerer on level 3 of the Elven Halls)

   [ring of poison resistance]

   rF:        It makes you vulnerable to fire.
   rC:        It greatly protects you from cold.
   rPois:     It protects you from poison.
   Fly:       It grants you flight.
   rCorr:     It protects you from acid and corrosion.
Wands
 k - a wand of acid (12)
 r - a wand of charming (44)
 C - a wand of digging (2)
 F - a wand of iceblast (14)
 G - a wand of flame (31)
 Q - a wand of mindburst (23)
Scrolls
 c - 3 scrolls of blinking
 d - a scroll of brand weapon
 f - 4 scrolls of fog
 n - 5 scrolls of magic mapping
 o - 18 scrolls of teleportation
 z - a scroll of fear
 B - 2 scrolls of silence
 J - a scroll of butterflies
 P - 17 scrolls of identify
 R - 3 scrolls of amnesia
 T - 3 scrolls of enchant armour
Potions
 h - 6 potions of flight
 i - 6 potions of lignification
 l - 5 potions of degeneration
 p - 4 potions of might
 q - 9 potions of curing
 s - a potion of berserk rage
 u - a potion of haste
 x - 4 potions of heal wounds
 H - 3 potions of invisibility
 L - 2 potions of cancellation
 M - a potion of ambrosia
 O - 2 potions of brilliance
Miscellaneous
 e - a tin of tremorstones (2/2)
 A - a box of beasts
 E - a piece from Xom's chessboard (15/15)
 S - a tin of tremorstones (2/2)
 U - a condenser vane


   Skills:
 - Level 15.0 Fighting
 - Level 17.0 Ranged Weapons
 - Level 13.0 Armour
 + Level 15.6 Dodging
 - Level 1.3 Stealth
 - Level 10.0 Spellcasting
 - Level 6.0 Air Magic
 - Level 20.0 Invocations
 - Level 15.0 Evocations


You had 34 spell levels left.
You knew the following spells:

 Your Spells              Type           Power      Damage    Failure   Level
a - Swiftness             Air            20%        N/A       1%          3
b - Blink                 Tloc           10%        N/A       7%          2

Your spell library contained the following spells:

 Spells                   Type           Power      Damage    Failure   Level
 Poisonous Vapours        Pois/Air       26%        N/A       1%          2
 Freeze                   Ice            20%        1d4       4%          1
 Sandblast                Erth           10%        2d5       4%          1
 Slow                     Hex            20%        N/A       4%          1
 Sting                    Tmut/Pois      20%        1d4       4%          1
 Ensorcelled Hibernation  Hex/Ice        10%        N/A       7%          2
 Passwall                 Tmut/Erth      4%         N/A       7%          2
 Scorch                   Fire           10%        2d5       7%          2
 Confusing Touch          Hex            5%         N/A       16%         3
 Frozen Ramparts          Ice            10%        1d2       16%         3
 Hailstorm                Conj/Ice       5%         3d4       16%         3
 Inner Flame              Hex/Fire       5%         N/A       16%         3
 Spider Form              Tmut/Pois      5%         N/A       16%         3
 Stone Arrow              Conj/Erth      10%        3d7       16%         3
 Tukima's Dance           Hex            5%         N/A       16%         3
 Vampiric Draining        Necr           5%         2d6       16%         3
 Summon Lightning Spire   Summ/Air       13%        N/A       16%         4
 Anguish                  Hex/Necr       2%         N/A       50%         4
 Flame Wave               Conj/Fire      5%         2d5       50%         4
 Ice Form                 Ice/Tmut       5%         N/A       50%         4
 Leda's Liquefaction      Hex/Erth       2%         N/A       50%         4
 Manifold Assault         Tloc           5%         N/A       50%         4
 Olgreb's Toxic Radiance  Pois           5%         N/A       50%         4
 Passage of Golubria      Tloc           5%         N/A       50%         4
 Sticky Flame             Conj/Fire      5%         2d3       50%         4
 Summon Ice Beast         Ice/Summ       5%         N/A       50%         4
 Yara's Violent Unravell  Hex/Tmut       2%         3d3       86%         5
 Summon Cactus Giant      Summ           2%         N/A       100%        6
 Ozocubu's Refrigeration  Ice            2%         4d8       100%        7
 Storm Form               Tmut/Air       6%         N/A       100%        7
 Ignition                 Fire           2%         3d3       100%        8
 Maxwell's Capacitive Co  Air            10%        ∞         100%        8


Dungeon Overview and Level Annotations

Branches:
Dungeon (12/15)            Temple (0/1) D:6            Lair (5/5) D:9
 Shoals (4/4) Lair:2        Snake (4/4) Lair:2        Slime (3/5) Lair:4
    Orc (2/2) D:9             Elf (3/3) Orc:2       Gauntlet (visited)

Altars:
Cheibriados
Dithmenos
Fedhas
Gozag
Hepliaklqana
Makhleb
Okawaru
Ru
Trog
Vehumet
Zin
The Shining One
Jiyva

Shops:
D:4 *   D:6 (   D:7 [   Orc:2 ([=(   Elf:2 *   Shoals:1 =

Annotations:
Orc:1 Donald


Innate Abilities, Weirdness & Mutations

You are small and have problems with some larger weapons.
You are completely attuned to the shadows.
You possess an exceptional clarity of mind.
You are extremely frail. (-30% HP)
Your magical capacity is low. (-10% MP)
You are weak. (Str -2)
Your spells are easier to cast, but less powerful.
You occasionally lose the ability to read scrolls when taking damage.


Message History

* * * LOW HITPOINT WARNING * * *
The wall burns your green death!
Your green death gestures at the rockslime.
The poison arrow hits the rockslime.
The rockslime partially resists.
The rockslime is poisoned.
The slime creature misses you.
The slime creature hits your green death!
You feel much better. The rockslime hits your green death!!!
Your green death holds its ground!
Your green death dies!
Your green death disappears in a puff of smoke!
The azure jelly completely misses you. The azure jelly misses you.
The azure jelly hits you but does no damage.
The azure jelly completely misses you. The acid blob spits acid at you.
The splash of acid hits you. You resist.
The large slime creature completely misses you.
The slime creature closely misses you.
A demon appears!
The rockslime hits you!
* * * LOW HITPOINT WARNING * * *
You hold your ground!
The azure jelly completely misses you.
The azure jelly hits you but does no damage.
The azure jelly barely misses you. The azure jelly misses you.
The acid blob spits acid at you. The splash of acid hits you! You resist.
* * * LOW HITPOINT WARNING * * *
The large slime creature completely misses you.
Two slime creatures merge to form a large slime creature.
The rockslime completely misses you.
You feel much better. The azure jelly completely misses you.
The azure jelly misses you. The azure jelly closely misses you.
The azure jelly hits you but does no damage.
The acid blob completely misses you. The slime creature hits you!
* * * LOW HITPOINT WARNING * * *
The rockslime completely misses you.
Your balrug hits the azure jelly with a +0 demon whip!
The azure jelly is engulfed in flames!!
The azure jelly is burned terribly!
The azure jelly barely misses you. The azure jelly hits you!
* * * LOW HITPOINT WARNING * * *
The azure jelly freezes you!! You resist.
You die...

..........
.........#
.........
...GJJ.#.#
..2J@JG.#
....JJ....
..........
..........
......#...


You could see an acid blob, an azure jelly (ally target), 2 large slime
creatures, a slime creature, a rockslime (very poisoned), 2 eyes of devastation
and a friendly balrug (summoned).

Vanquished Creatures
  Bai Suzhen (Snake:4)
  Jorgrun (Orc:1)
  A deep elf blademaster (Elf:3)
  A deep elf master archer (Elf:3)
  A kraken (Shoals:2)
  4 acid blobs
  3 sphinxes (Shoals:4)
  Kirke (Snake:1)
  4 nagarajas (Snake:4)
  A frost giant (Shoals:2)
  Aizul (Snake:1)
  3 deep elf sorcerers (Elf:3)
  3 deep elf elementalists (Elf:3)
  A quicksilver ooze (Slime:1)
  3 deep elf demonologists (Elf:3)
  4 deep elf annihilators (Elf:3)
  A minotaur (Gauntlet)
  4 deep elf death magi (Elf:3)
  Snorg (Lair:5)
  4 merfolk impalers
  4 merfolk javelineers
  3 deep elf high priests (Elf:3)
  5 hydras
  A centaur warrior (Shoals:3)
  2 catoblepae
  8 satyrs
  5 anacondas
  An alligator snapping turtle (Shoals:4)
  19 dancing weapons
  2 merfolk avatars (Shoals:2)
  3 boulder beetles
  18 naga warriors
  3 merfolk aquamancers
  3 death yaks
  A tengu warrior (Gauntlet)
  2 orc high priests
  3 shock serpents
  7 naga sharpshooters
  21 deep elf knights
  Nergalle (Lair:2)
  3 salamander mystics (Snake:4)
  9 sea snakes
  2 naga ritualists
  10 deep elf archers
  13 harpies
  Pikel (D:5)
  22 deep elf zephyrmancers
  A lindwurm (Lair:3)
  6 mana vipers
  4 orc sorcerers
  21 deep elf pyromancers
  6 shining eyes
  12 cyclopes
  A spectral satyr (Shoals:3)
  24 fauns
  14 manticores
  3 guardian serpents
  6 water nymphs
  8 merfolk sirens
  14 salamanders
  A spectral alligator snapping turtle (Shoals:3)
  A torpor snail (Lair:1)
  Maurice (Orc:1)
  4 elephants
  25 black mambas
  An ice statue (Gauntlet)
  15 naga magi
  2 gargoyles
  A molten gargoyle (Gauntlet)
  A minotaur zombie (Gauntlet)
  A kobold demonologist (D:11)
  3 rime drakes
  An unseen horror (D:11)
  An efreet (Gauntlet)
  13 cane toads
  11 komodo dragons
  A tengu conjurer (Gauntlet)
  A spectral water nymph (Shoals:3)
  An ice devil (Gauntlet)
  15 merfolk
  4 trolls
  10 polar bears
  6 wind drakes
  6 blink frogs (Lair:2)
  2 raiju (Lair:5)
  7 snapping turtles
  8 dream sheep
  Sigmund (D:3)
  20 slime creatures
  2 air elementals (Elf:1)
  6 wyverns
  18 water elementals
  A jumping spider (shapeshifter) (Elf:3)
  4 fire elementals
  3 basilisks
  35 yaks
  7 golden eyes
  2 hogs (Snake:2)
  3 steam dragons
  3 vampire mosquitoes (D:10)
  10 wargs
  26 nagas
  A spectral snapping turtle (Shoals:3)
  15 hell hounds
  3 water moccasins
  13 black bears
  16 orc warriors
  3 ice beasts
  30 wolves
  6 ogres
  6 centaurs
  A wind drake simulacrum (Shoals:3)
  A lemure (D:5)
  3 kobold brigands
  14 bullfrogs
  3 necrophages
  4 scorpions
  5 wights (D:6)
  3 earth elementals
  3 killer bees (D:8)
  3 merfolk simulacra (Shoals:3)
  5 howler monkeys
  3 hounds
  5 jellies
  10 orc priests
  A cyclops simulacrum (Shoals:3)
  2 gnoll boudas
  Terence (D:2)
  3 iguanas
  22 orc wizards
  6 hell rats (Lair:5)
  15 gnolls
  7 adders
  A shadow imp (D:7)
  3 white imps (Gauntlet)
  A worm (D:3)
  A dart slug (D:9)
  53 orcs
  4 bats
  4 endoplasms
  A giant cockroach (D:4)
  5 goblins
  8 hobgoblins
  2 jackals (D:4)
  20 kobolds
  4 quokkas
  A ball python (D:3)
  2 frilled lizards
  6 rats
  3 tentacles (Shoals:2)
951 creatures vanquished.

Vanquished Creatures (collateral kills)
  Mara (Shoals:3)
  The ghost of Lobster4 the Ruinous, a veteran DrCj of the Shining One (Shoals:3)
  Vashnia (Snake:3)
  2 deep elf blademasters
  Asterion (Elf:1)
  A deep elf master archer (Elf:3)
  A deep elf elementalist (Elf:3)
  2 deep elf demonologists (Elf:3)
  A deep elf annihilator (Elf:3)
  A minotaur (Shoals:4)
  An anaconda (Snake:3)
  3 dancing weapons (Elf:2)
  A satyr (Shoals:4)
  A naga sharpshooter (Snake:3)
  Sonja (Lair:1)
  A naga ritualist (Snake:3)
  An orc knight (Orc:2)
  2 deep elf pyromancers (Elf:2)
  2 deep elf zephyrmancers (Elf:2)
  An orc sorcerer (Orc:2)
  A shining eye (Slime:2)
  3 manticores (Shoals:4)
  A merfolk siren (Shoals:4)
  A slime creature (Slime:2)
  A water nymph (Shoals:3)
  A snapping turtle (Shoals:4)
  2 dream sheep (Shoals:4)
  5 yaks (D:9)
  Grum (Lair:1)
  A warg (Orc:1)
  A naga (Snake:3)
  2 hell hounds (Lair:5)
  2 orc warriors (Orc:2)
  A wolf (Lair:1)
  A howler monkey (D:9)
  An orc priest (Orc:2)
  3 orc wizards (Orc:2)
  3 orcs (Orc:2)
57 creatures vanquished.

Vanquished Creatures (others)
  A deep elf knight (Elf:1)
  A water elemental (Shoals:4)
  4 humans (Snake:2)
  A kobold brigand (D:8)
  An orc wizard (Orc:2)
  2 bushes
  A demonic plant (Gauntlet)
  54 fungi
  A lurking horror (Slime:3)
  94 plants
  8 tentacles (Shoals:2)
168 creatures vanquished.

Grand Total: 1176 creatures vanquished

Notes
Turn   | Place    | Note
-------+----------+-------------------------------------------
     0 | D:1      | Newt the Kobold Hunter began the quest for the Orb.
     0 | D:1      | Reached XP level 1. HP: 12/12 MP: 1/1
    37 | D:1      | Reached XP level 2. HP: 18/18 MP: 2/2
   684 | D:2      | Noticed Terence
   695 | D:2      | Killed Terence
   696 | D:2      | Reached XP level 3. HP: 22/24 MP: 3/3
   879 | D:2      | Reached XP level 4. HP: 30/30 MP: 4/4
   897 | D:2      | Found a faded altar of an unknown god.
  1077 | D:2      | Identified the +2 short sword "Yxaot" {flame, rElec rC+
                  | Will+ Str+2}
  1515 | D:3      | Reached skill level 5 in Fighting
  1600 | D:3      | You fall into a shaft and drop 1 floor!
  1783 | D:3      | Noticed Sigmund
  1786 | D:3      | Killed Sigmund
  1787 | D:3      | Reached XP level 5. HP: 29/35 MP: 5/5
  1787 | D:3      | Reached XP level 6. HP: 34/40 MP: 6/6
  2171 | D:3      | Found a glowing golden altar of the Shining One.
  2253 | D:4      | Found a blossoming altar of Fedhas.
  2288 | D:4      | Found an opulent altar of Gozag.
  2431 | D:4      | Reached XP level 7. HP: 25/44 MP: 7/7
  2663 | D:4      | Found Haos's Fire Supplies.
  2772 | D:4      | Found a burning altar of Makhleb.
  2921 | D:4      | Became a worshipper of Makhleb the Destroyer
  3071 | D:5      | Entered Level 5 of the Dungeon
  3078 | D:5      | Reached skill level 5 in Dodging
  3093 | D:5      | Reached XP level 8. HP: 36/49 MP: 8/8
  3140 | D:5      | Identified the +1 leather armour of Salvation {Fly rCorr
                  | Dex+4}
  3141 | D:5      | Found a shadowy altar of Dithmenos.
  3319 | D:5      | Reached skill level 1 in Invocations
  3321 | D:5      | Reached skill level 2 in Invocations
  3391 | D:5      | Reached skill level 3 in Invocations
  3417 | D:5      | Reached skill level 4 in Invocations
  3431 | D:5      | Reached skill level 1 in Armour
  3695 | D:5      | Noticed Pikel
  3705 | D:5      | Killed Pikel
  3706 | D:5      | Reached XP level 9. HP: 39/54 MP: 12/12
  3843 | D:6      | Gained mutation: You are agile. (Dex +4, Str/Int -1)
                  | [potion of mutation]
  3843 | D:6      | Gained mutation: You possess an exceptional clarity of
                  | mind. [potion of mutation]
  3893 | D:6      | Found a sacrificial altar of Ru.
  3901 | D:6      | Reached skill level 5 in Armour
  3905 | D:6      | Found Eturod's Antique Weapon Boutique.
  3919 | D:6      | Reached * piety under Makhleb
  4023 | D:6      | Found a staircase to the Ecumenical Temple.
  4176 | D:6      | Reached skill level 10 in Ranged Weapons
  4227 | D:6      | Found an iron altar of Okawaru.
  4506 | D:6      | Found a bloodstained altar of Trog.
  4827 | D:7      | Found Jiar's Armour Boutique.
  4961 | D:7      | Reached XP level 10. HP: 59/59 MP: 13/13
  5150 | D:7      | Reached ** piety under Makhleb
  5413 | D:7      | Found a hazy altar of Hepliaklqana.
  5923 | D:8      | Found a radiant altar of Vehumet.
  6491 | D:9      | Found a snail-covered altar of Cheibriados.
  6511 | D:9      | Reached *** piety under Makhleb
  6596 | D:9      | Reached XP level 11. HP: 68/68 MP: 14/14
  6599 | D:9      | Reached skill level 5 in Invocations
  6609 | D:9      | Reached skill level 6 in Invocations
  7059 | D:9      | Reached skill level 7 in Invocations
  7115 | D:9      | Found a staircase to the Lair.
  7382 | D:9      | Found a glowing silver altar of Zin.
  7432 | D:9      | Found a staircase to the Orcish Mines.
  7642 | D:10     | Entered Level 10 of the Dungeon
  7701 | Lair:1   | Entered Level 1 of the Lair of Beasts
  7705 | Lair:1   | Reached skill level 8 in Invocations
  8080 | Lair:1   | Noticed Grum
  8083 | Lair:1   | Noticed Sonja
  8085 | Lair:1   | Killed Grum
  8089 | Lair:1   | Killed Sonja
  8290 | Lair:1   | Reached skill level 15 in Ranged Weapons
  8436 | Lair:1   | Reached XP level 12. HP: 45/73 MP: 18/18
  8976 | Lair:2   | Noticed Nergalle
  8976 | Lair:2   | Noticed a six-headed hydra
  8985 | Lair:1   | HP: 3/69 [six-headed hydra (12)]
  8992 | Lair:1   | Killed a six-headed hydra
  9476 | Lair:2   | Killed Nergalle
  9618 | Lair:2   | Reached skill level 1 in Spellcasting
  9782 | Lair:2   | Found a staircase to the Shoals.
  9815 | Lair:2   | Reached skill level 5 in Spellcasting
  9886 | Lair:2   | Learned a level 3 spell: Swiftness
 10057 | Lair:2   | Reached skill level 1 in Air Magic
 10360 | Lair:2   | Found a staircase to the Snake Pit.
 11095 | Lair:3   | Reached **** piety under Makhleb
 11833 | Lair:4   | Found a viscous altar of Jiyva.
 11833 | Lair:4   | Found a staircase to the Slime Pits.
 11839 | Lair:4   | Reached skill level 5 in Air Magic
 11927 | Lair:4   | Noticed a four-headed hydra
 11939 | Lair:4   | Killed a four-headed hydra
 11940 | Lair:4   | Reached XP level 13. HP: 31/78 MP: 22/22
 12255 | Lair:4   | Reached skill level 9 in Invocations
 13024 | Lair:4   | Noticed an eight-headed hydra
 13044 | Lair:4   | Killed an eight-headed hydra
 13266 | Lair:4   | Reached skill level 10 in Invocations
 13685 | Lair:5   | Entered Level 5 of the Lair of Beasts
 13746 | Lair:4   | Reached skill level 11 in Invocations
 13901 | Lair:5   | Noticed a seven-headed hydra
 13907 | Lair:5   | Killed a seven-headed hydra
 14234 | Lair:5   | Reached skill level 12 in Invocations
 15125 | Lair:5   | HP: 2/78 [polar bear (2)]
 15134 | Lair:5   | Reached ***** piety under Makhleb
 15135 | Lair:5   | Reached skill level 13 in Invocations
 15858 | Lair:5   | Noticed Snorg
 15864 | Lair:5   | Killed Snorg
 15953 | Lair:5   | Reached XP level 14. HP: 70/84 MP: 24/24
 16661 | Lair:5   | Reached skill level 14 in Invocations
 16984 | Lair:5   | Reached skill level 10 in Fighting
 17188 | Orc:1    | Entered Level 1 of the Orcish Mines
 17278 | Orc:1    | Noticed Jorgrun
 17289 | Orc:1    | Killed Jorgrun
 17614 | D:7      | Bought the +0 steam dragon scales "Sysyrch" {*Corrode
                  | Will++ Dex+4 Slay+6} for 979 gold pieces
 18055 | Orc:1    | Noticed Maurice
 18060 | Orc:1    | Killed Maurice
 18207 | Orc:2    | Entered Level 2 of the Orcish Mines
 18216 | Orc:2    | Noticed Donald
 18530 | Orc:2    | Found a flickering gateway to a bazaar.
 18557 | Bazaar   | Entered a bazaar
 18561 | Bazaar   | Found Xeinaq's Book Shoppe.
 18562 | Bazaar   | Found Cofaal's Jewellery Shoppe.
 18577 | Bazaar   | Found Tiedo's Assorted Antiques.
 18581 | Bazaar   | Found Qurchuf's Distillery.
 18596 | Bazaar   | Bought a scroll of enchant weapon for 172 gold pieces
 18600 | Bazaar   | Bought 2 potions of heal wounds for 100 gold pieces
 18791 | Orc:2    | Found Buudouh's Antique Weapon Boutique.
 18792 | Orc:2    | Found Zeariuh's Armour Shop.
 18793 | Orc:2    | Found Jink's Jewellery Boutique.
 18794 | Orc:2    | Found Yfogimpo's Weapon Shop.
 18969 | Orc:2    | Found a staircase to the Elven Halls.
 19412 | Orc:1    | Learned a level 2 spell: Blink
 19868 | D:10     | Reached skill level 15 in Invocations
 20806 | D:11     | Reached XP level 15. HP: 96/96 MP: 26/26
 21005 | D:12     | Identified the +1 cloak of Icras {Harm rPois MP-9}
 21080 | D:12     | Found a gate leading to a gauntlet.
 21086 | Gauntlet | Entered a Gauntlet
 21086 | Gauntlet | Found a transporter.
 21099 | Gauntlet | Found a transporter.
 21111 | Gauntlet | Found a transporter.
 21124 | Gauntlet | Found a transporter.
 21137 | Gauntlet | Found a transporter.
 21146 | Gauntlet | Found a transporter.
 21229 | Gauntlet | Found a transporter.
 21312 | Gauntlet | Found a transporter.
 21578 | Gauntlet | Found a transporter.
 21584 | Gauntlet | Found a transporter.
 21604 | Gauntlet | Found a transporter.
 21605 | Gauntlet | Found a transporter.
 21683 | Gauntlet | Found a transporter.
 21689 | Gauntlet | Found a transporter.
 21713 | Gauntlet | Reached skill level 16 in Invocations
 21745 | Gauntlet | Identified the ring "Fesogirgh" {+Blink rPois}
 22166 | Orc:2    | Bought a runed arbalest for 262 gold pieces
 22310 | Snake:1  | Entered Level 1 of the Snake Pit
 23964 | Snake:2  | Noticed Aizul
 23988 | Snake:1  | Killed Aizul
 24491 | Snake:2  | Noticed Kirke
 24513 | Snake:1  | Killed Kirke
 24514 | Snake:1  | Reached skill level 5 in Evocations
 24709 | Snake:2  | Identified a scroll of acquirement
 24725 | Snake:2  | Acquired a manual of Invocations
 24778 | Snake:2  | Reached ****** piety under Makhleb
 25099 | Snake:3  | Reached XP level 16. HP: 84/101 MP: 21/28
 26201 | Snake:3  | Reached skill level 10 in Evocations
 26892 | Snake:4  | Entered Level 4 of the Snake Pit
 26998 | Snake:4  | Reached skill level 17 in Invocations
 27006 | Snake:4  | Noticed Vashnia
 27278 | Snake:3  | HP: 2/101 [poisoned by Vashnia (splash of poison)]
 27282 | Snake:3  | Killed Vashnia
 27646 | Snake:4  | Reached skill level 18 in Invocations
 27842 | Snake:4  | Noticed Bai Suzhen
 27863 | Snake:4  | Killed Bai Suzhen
 28194 | Snake:4  | Identified the +1 robe of Gallantry {*Slow rF+ Dex+5}
 28194 | Snake:4  | Noticed a nagaraja
 28214 | Snake:4  | Reached skill level 10 in Dodging
 28238 | Snake:4  | Killed a nagaraja
 28266 | Snake:4  | Noticed a nagaraja
 28270 | Snake:4  | Killed a nagaraja
 28686 | Snake:4  | Reached XP level 17. HP: 106/106 MP: 30/30
 29604 | Snake:4  | Identified the +5 shortbow of Ledusch {antimagic, rF+
                  | rCorr}
 29751 | Snake:4  | Got a serpentine rune of Zot
 30141 | Elf:1    | Entered Level 1 of the Elven Halls
 30730 | Elf:1    | Paralysed by an air elemental for 1 turns
 31196 | Elf:1    | Noticed Asterion
 31210 | Elf:1    | Killed Asterion
 31824 | Elf:2    | Found Daewn's Assorted Antiques.
 32079 | Elf:2    | Reached skill level 10 in Armour
 32906 | Elf:2    | Found a runed translucent gate.
 32907 | Elf:2    | Found a runed translucent gate.
 32907 | Elf:2    | Found a runed translucent gate.
 33102 | Elf:2    | Noticed a deep elf blademaster
 33114 | Elf:2    | Killed a deep elf blademaster
 33154 | Elf:2    | HP: 4/106 [+5 battleaxe of electrocution (25)]
 33223 | Elf:2    | Reached XP level 18. HP: 37/112 MP: 10/31
 34404 | Elf:3    | Entered Level 3 of the Elven Halls
 35930 | Elf:3    | Noticed a deep elf blademaster
 35948 | Elf:3    | Killed a deep elf blademaster
 36198 | Elf:3    | Noticed a deep elf master archer
 36207 | Elf:3    | Killed a deep elf master archer
 36585 | Elf:3    | Identified the +4 scale mail "Tuone" {rN+ Regen+ Str-3}
 36751 | Elf:3    | Identified the +7 long sword of Fynizast {flame, rCorr
                  | Dex+2}
 36905 | Elf:3    | Identified the +5 halberd of Inference {elec, rF- Will+
                  | Dex+5}
 36905 | Elf:3    | Identified the ring "Foshreise" {Fly rPois rF- rC++ rCorr}
 36925 | Elf:3    | Identified the ring "Eskanwam" {rElec rC- rCorr AC+4 Str+2
                  | Dex+4}
 37237 | Elf:3    | Noticed a deep elf blademaster
 37250 | Elf:3    | Identified the +6 whip of the Hand {flame, Int+6 Dex+4}
 37257 | Elf:3    | Killed a deep elf blademaster
 37339 | Elf:3    | Noticed a deep elf master archer
 37342 | Elf:3    | Killed a deep elf master archer
 37359 | Elf:3    | Identified the +3 rapier "Baopam" {distort, rPois Str+3}
 37363 | Elf:3    | Reached skill level 15 in Fighting
 37667 | Elf:3    | Got the Elucidation of the Twinkling Snake
 38311 | Shoals:1 | Entered Level 1 of the Shoals
 38336 | Shoals:1 | Reached XP level 19. HP: 124/124 MP: 10/32
 39347 | Shoals:1 | Found Ystiraemm's Jewellery Boutique.
 40302 | Shoals:2 | Reached skill level 10 in Spellcasting
 40944 | Shoals:3 | Noticed Mara
 40960 | Shoals:3 | Killed Mara
 41582 | Shoals:3 | Identified the +6 plate armour of the Wheelwright {rElec
                  | rF+ Dex+3}
 42168 | Shoals:3 | Found a runed translucent gate.
 42168 | Shoals:3 | Found a runed translucent gate.
 42168 | Shoals:3 | Found a runed translucent gate.
 42490 | Shoals:3 | Noticed Lobster4's ghost (veteran DrCj)
 42527 | Shoals:3 | Killed Lobster4's ghost
 42654 | Shoals:4 | Entered Level 4 of the Shoals
 42881 | Shoals:4 | Reached XP level 20. HP: 128/129 MP: 28/34
 42943 | Shoals:4 | Reached skill level 15 in Evocations
 43188 | Shoals:4 | Reached skill level 19 in Invocations
 43194 | Shoals:4 | Identified the +7 glaive of Cotzigerch {heavy, *Corrode
                  | rN++ Str+7}
 43257 | Shoals:4 | Reached skill level 20 in Invocations
 43524 | Shoals:4 | Got a barnacled rune of Zot
 43600 | Shoals:4 | Identified the +1 cloak "Ygiydeh" {Regen+ Str+2 Int+4}
 44180 | Slime:1  | Entered Level 1 of the Pits of Slime
 44195 | Slime:1  | Gained mutation: Your spells are a little easier to cast,
                  | but a little less powerful. [a shining eye]
 44260 | Slime:1  | Gained mutation: You are frail. (-10% HP) [a shining eye]
 44262 | Slime:1  | Gained mutation: You are very frail. (-20% HP) [a shining
                  | eye]
 44264 | Slime:1  | Lost mutation: You are agile. (Dex +4, Str/Int -1) [a
                  | shining eye]
 44268 | Slime:1  | Gained mutation: You occasionally lose the ability to read
                  | scrolls when taking damage. [a shining eye]
 44270 | Slime:1  | Gained mutation: Your spells are easier to cast, but less
                  | powerful. [a shining eye]
 44633 | Slime:1  | Reached skill level 15 in Dodging
 44719 | Slime:2  | Gained mutation: You are weak. (Str -2) [a shining eye]
 44753 | Slime:2  | Gained mutation: You are extremely frail. (-30% HP) [a
                  | shining eye]
 44757 | Slime:2  | Gained mutation: Your magical capacity is low. (-10% MP) [a
                  | shining eye]
 44835 | Slime:3  | Slain by an azure jelly

Illustrated notes

Levels and vault maps discovered:
D:1:      scummos_arrival_forest, layout_basic, minmay_tromino_mix6
D:2:      layout_basic, hellmonk_ecumenical_altar_arch_garden, uniq_terence
D:3:      layout_loops_ring, nicolae_tso_swordbearing_angel,
          minmay_misc_feat_five, uniq_sigmund
D:4:      layout_cave_pools, lemuel_round_altar, fedhas_altar_3,
          grunt_gozag_breadcrumbs, nicolae_shop_fire_sale
          [nicolae_sub_dead_trees]
D:5:      layout_rooms, mainiacjoe_overflow_catwalk, small_statue_alley_b,
          uniq_pikel
D:6:      layout_loops_ring, kennysheep_mini_moat, mainiacjoe_overflow_24_doors,
          overflow_temple_1_default, minmay_temple_entry_arrows, serial_shops,
          kennysheep_little_box, corexii_item_surrounded_by_moat
D:7:      layout_loops_ring, nicolae_overflow_hidden_temple, serial_shops,
          shop_statue, minmay_quadrilaterals
D:8:      layout_rooms, marbit_many_paths
D:9:      layout_long_grid, old_standard_altar, kennysheep_slug_shrine,
          lemuel_tele_altar, dpeg_oklobed_lair
D:10:     layout_loops_cross
D:11:     layout_loops_ring
D:12:     layout_stronghold, nicolae_trove_entry_diagonal,
          gauntlet_entry_generic
Lair:1:   layout_concentric_octagons, chequers_serial_rivers_micro_e,
          uniq_sonja, uniq_grum
Lair:2:   layout_layer_cave, shoals_dummy_entry, dummy_snake_entry,
          uniq_nergalle
Lair:3:   layout_big_grid, serial_bayou_shore_b, grunt_megastairs_5
Lair:4:   layout_long_grid, nicolae_slime_entry_field_trip
Lair:5:   hangedman_lair_caniforms_friends, layout_hall_layers, uniq_snorg
Shoals:1: layout_shoals, serial_shops, shop, nicolae_shoals_mertower
Shoals:2: layout_shoals, st_shoals_ruin
Shoals:3: layout_shoals, gammafunk_ghost_necromancy, uniq_mara
Shoals:4: shoals_end_hellmonk_lost_city
Snake:1:  layout_layer_cave, lemuel_fruit_tree
Snake:2:  layout_gridlike, serial_bayou_shore_b, uniq_aizul, uniq_kirke
Snake:3:  layout_onion_interference
Snake:4:  snake_pit, layout_basic, uniq_vashnia, uniq_bai_suzhen
Slime:1:  layout_caves
Slime:2:  layout_caves, basic_altar
Slime:3:  cheibrodos_slime_lost_civilization_3, layout_caves,
          amcnicky_altar_lugonu_corruption
Orc:1:    cheibrodos_orc_guarddog, layout_diamond_mine, uniq_maurice,
          uniq_jorgrun
Orc:2:    st_orc_mages, layout_caves, serial_shops, bzr_entry_gold, uniq_donald
Elf:1:    minmay_elf_arrival_circle, layout_loops_cross,
          hangedman_corner_corridor, uniq_asterion
Elf:2:    nicolae_elf_blades_crystal_corner, layout_onion_city, serial_shops,
          shop
Elf:3:    grunt_elf_hall_asides, layout_geoelf_octagon,
          hangedman_elf_power_crystal

Skill      XL: |  1  2  3  4  5  6  7  8  9 10 11 12 13 14 15 16 17 18 19 20 |
---------------+-------------------------------------------------------------+-----
Fighting       | 4 5 8 12 15 | 15.0
Ranged Weapons | 7 8 9 12 13 15 17 | 17.0
Dodging        | 5 8 12 14 15 | 15.6
Evocations     | 2 4 7 10 14 15 | 15.0
Invocations    | 4 8 13 15 16 18 20 | 20.0
Armour         | 4 5 9 11 13 | 13.0
Spellcasting   | 6 7 10 | 10.0
Air Magic      | 5 6 |  6.0
Stealth        | |  1.3

Action                   |  1- 3 |  4- 6 |  7- 9 | 10-12 | 13-15 | 16-18 | 19-21 || total
-------------------------+-------+-------+-------+-------+-------+-------+-------++-------
 Fire: Shortbow          |    54 |    80 |   146 |   337 |   914 |  1006 |   835 ||  3372
Throw: Throwing net      |       |       |       |     1 |       |       |       ||     1
 Cast: Swiftness         |       |       |       |     1 |     7 |       |       ||     8
Invok: Lesser Servant of |       |       |       |     4 |     6 |     2 |       ||    12
       Minor Destruction |       |       |       |     1 |       |       |       ||     1
       Major Destruction |       |       |       |     2 |     3 |    20 |     6 ||    31
       Greater Servant o |       |       |       |       |     2 |     8 |     8 ||    18
Evoke: Wand              |       |       |       |       |     2 |       |       ||     2
  Use: Scroll            |     4 |     4 |     9 |     6 |    11 |     8 |     4 ||    46
       Potion            |       |     2 |     6 |     1 |    11 |     6 |     4 ||    30
Armor: Leather armour    |     5 |     7 |    13 |    29 |    37 |       |       ||    91
       Skin              |       |    21 |     9 |       |       |       |       ||    30
       Steam dragon scal |       |       |       |       |    29 |    47 |    72 ||   148
Dodge: Dodged            |    20 |    30 |    82 |   259 |   658 |   472 |   613 ||  2134
Block: Other             |       |       |     3 |    52 |   103 |    51 |     3 ||   212
       Reflection        |       |       |     2 |     4 |     1 |    14 |       ||    21

Table legend: (Time is in decaauts)
 A = Elapsed time spent in this place.
 B = Non-inter-level travel time spent in this place.
 C = Inter-level travel time spent in this place.
 D = Time resting spent in this place.
 E = Time spent auto-exploring this place.
 F = Levels seen in this place.
 G = Mean time per level.
                   A        B        C        D        E       F      G
               +--------+--------+--------+--------+--------+-----+--------+
         Total |  44563 |  42201 |   2362 |  11191 |  24236 |  35 | 1273.2 |
       Dungeon |   9840 |   8902 |    938 |    499 |   7333 |  12 |  820.0 |
          Lair |   9762 |   9178 |    584 |   2875 |   5191 |   5 | 1952.4 |
        Shoals |   5560 |   5347 |    213 |    419 |   4155 |   4 | 1390.0 |
     Snake Pit |   7709 |   7523 |    186 |   2407 |   3807 |   4 | 1927.2 |
    Slime Pits |    607 |    588 |     19 |      0 |    440 |   3 |  202.3 |
  Orcish Mines |   2317 |   2053 |    264 |    453 |   1205 |   2 | 1158.5 |
   Elven Halls |   7828 |   7673 |    155 |   4051 |   1893 |   3 | 2609.3 |
        Bazaar |     51 |     51 |      0 |      0 |     29 |   1 |   51.0 |
      Gauntlet |    886 |    886 |      0 |    487 |    183 |   1 |  886.0 |
               +--------+--------+--------+--------+--------+-----+--------+

Top non-repeatable levels by time:
   Elf:2: 3305 daAuts
   Elf:3: 2841 daAuts
 Snake:3: 2629 daAuts
  Lair:5: 2597 daAuts
  Lair:4: 2437 daAuts
 Snake:4: 2370 daAuts
 Snake:1: 1975 daAuts
  Lair:1: 1899 daAuts
   Elf:1: 1681 daAuts
Shoals:3: 1661 daAuts
     D:9: 1638 daAuts
  Lair:2: 1621 daAuts
Shoals:1: 1407 daAuts
   Orc:1: 1296 daAuts
Shoals:4: 1281 daAuts
